 Dungeon Crawl Stone Soup version 0.30-b1-2-g02819fbbbe (webtiles) character file.

Game seed: 11262969075987887007

9 Alarkh the Charlatan (level 2, 22/22 HPs)
             Began as a Demonspawn Artificer on Nov 22, 2023.
             Got out of the dungeon alive.
             The game lasted 00:00:27 (482 turns).

Alarkh the Charlatan (Demonspawn Artificer)          Turns: 482, Time: 00:00:28

Health: 22/22      AC:  3    Str: 12    XL:     2   Next: 3%
Magic:  2/2        EV: 11    Int: 12    God:
Gold:   0          SH:  0    Dex: 13    Spells: 1/1 levels left

rFire   + . .        a - +0 club
rCold   . . .        (no shield)
rNeg    . . .        b - +0 leather armour
rPois   .            (no helmet)
rElec   .            (no cloak)
rCorr   .            (no gloves)
SInv    .            (no boots)
Will    .....        (no amulet)
Stlth   +            h - ring of protection from fire
HPRegen 0.23/turn    (no ring)
MPRegen 0.16/turn

%: no passive effects
@: no status effects
A: magic regeneration
a: no special abilities


You escaped.
You visited 1 branch of the dungeon, and saw 1 of its levels.

Inventory:

Hand Weapons
 a - a +0 club (weapon)
Armour
 b - a +0 leather armour (worn)
Jewellery
 h - a ring of protection from fire (left hand)
Wands
 c - a wand of flame (15) (quivered)
 d - a wand of charming (15)
 e - a wand of iceblast (5)
Scrolls
 g - a scroll of amnesia {unknown}
 i - a scroll of fear {unknown}
Potions
 f - 2 potions of berserk rage {unknown}


   Skills:
 + Level 2.1 Fighting
 - Level 1.7 Armour
 - Level 0.8 Dodging
 - Level 0.8 Stealth
 - Level 3.0 Evocations


You had one spell level left.
You didn't know any spells.
Your spell library was empty.

Dungeon Overview and Level Annotations

Branches:
Dungeon (1/15)

Altars:

Shops:
D:1 !


Innate Abilities, Weirdness & Mutations

You regenerate magic rapidly.


Message History

The goblin is heavily wounded.
The goblin hits you with a +0 club.
You hit the goblin.
You kill the goblin!
Your Fighting skill increases to level 2!
You see here a +0 club.
You see here a +0 club.
h - a ring of protection from fire
h - a ring of protection from fire (left hand) Search for what [? for help]? shop
Okay, then.
i - a scroll labelled CUDULI GE WAC A goblin comes into view.
It is wielding a +0 club.
A goblin is nearby!
A goblin is nearby!
The goblin shouts!
You completely miss the goblin. The goblin completely misses you.
You miss the goblin. The goblin hits you with a +0 club.
The goblin barely misses you.
You hit the goblin.
The goblin is moderately wounded.
The goblin hits you with a +0 club.
You barely miss the goblin.
The goblin is moderately wounded.
The goblin hits you with a +0 club.
You closely miss the goblin.
The goblin is moderately wounded.
The goblin closely misses you.
You hit the goblin.
You kill the goblin!
You have reached level 2!
Your demonic ancestry asserts itself...
Your magic begins to regenerate rapidly.
HP restored.
There is an open door here.
There is an open door here.
There is an open door here.
There is a staircase leading out of the dungeon here.
Are you sure you want to leave the Dungeon?
This will make you lose the game!
You have escaped!

.......####...##.#
......######..##.##
.....## #.........#
#...## #.#######.#
##'## #.# #.# ##.#
#.# #.# ...######.#
###♣♣ ........#.#
###8♣♣ #...###.#.#
#.'.@♣
.....##.#.###.#8♣♣
#...###.#.....###
#..## #.......#
#.## ######### ..#
###


There were no monsters in sight!

Vanquished Creatures
  2 endoplasms (D:1)
  3 goblins (D:1)
  A hobgoblin (D:1)
  A bat (D:1)
7 creatures vanquished.

Notes
Turn   | Place    | Note
-------+----------+-------------------------------------------
     0 | D:1      | Alarkh the Demonspawn Artificer began the quest for the
                  | Orb.
     0 | D:1      | Reached XP level 1. HP: 15/15 MP: 1/1
   264 | D:1      | Found Eneq's Distillery.
   395 | D:1      | Gained mutation: You regenerate magic rapidly. [demonic
                  | ancestry]
   395 | D:1      | Reached XP level 2. HP: 14/22 MP: 2/2
   482 | D:$      | Got out of the dungeon alive.

Illustrated notes

Levels and vault maps discovered:
D:1:      saegor_arrival_simple_b, layout_loops_corners, serial_shops,
          nicolae_shop_peninsula, nicolae_shop_vocational

Skill      XL: |  1 |
---------------+----+-----
Fighting       | 2 |  2.1
Armour         | |  1.7
Dodging        | |  0.8
Stealth        | |  0.8
Evocations     | |  3.0

Action                     || total
---------------------------++-------
  Melee: Club              ||    29
 Armour: Leather armour    ||     2
  Dodge: Dodged            ||    17
